 Dungeon Crawl Stone Soup version 0.29.0-4-gdea44cf6ec (webtiles) character file.

Game seed: 16702305004928848283

961 qw the Grappler (level 7, -2/81 HPs)
             Began as a Troll Cinder Acolyte on Sept 3, 2022.
             Was a High Priest of Ignis.
             Succumbed to a kobold brigand's poison
             ... on level 6 of the Dungeon.
             The game lasted 00:02:33 (3722 turns).

qw the Grappler (Troll Cinder Acolyte)              Turns: 3722, Time: 00:02:33

Health: -2/81      AC: 20    Str: 23    XL:     7   Next: 92%
Magic:  7/7        EV:  8    Int: 10    God:    Ignis [*****.]
Gold:   268        SH:  0    Dex:  5    Spells: 8/8 levels left

rFire   + . .      SeeInvis +     - Unarmed
rCold   . . .      Faith    .   (no shield)
rNeg    . . .      Spirit   .   d - +1 acid dragon scales
rPois   .          Reflect  .   (helmet restricted)
rElec   .          Harm     .   (no cloak)
rCorr   +          Rampage  .   (gloves unavailable)
Will    .....                   (boots unavailable)
Stlth   ..........              (no amulet)
HPRegen 1.03/turn               b - ring of see invisible
MPRegen 0.10/turn               e - +4 ring of protection

@: lethally poisoned (-2 -> -29), about to teleport, fiery-armoured, slowed,
very slow
A: large, unfitting armour, claws 3, regeneration 1, shaggy fur 1, tough skin 1,
antennae 1, robust 2, weak 1
a: Renounce Religion, Fiery Armour, Foxfire Swarm, Rising Flame


You were on level 6 of the Dungeon.
You worshipped Ignis.
Ignis was extremely pleased with you.
You visited 1 branch of the dungeon, and saw 6 of its levels.

You collected 268 gold pieces.


Innate Abilities, Weirdness & Mutations

You are too large for most types of armour.
You have claws for hands.
Your natural rate of healing is unusually fast.
You are covered in fur. (AC +1)
You have tough skin. (AC +1)
You have a pair of small antennae on your head.
You are very robust. (+20% HP)
You are weak. (Str -2)


   Skills:
 - Level 3.7 Fighting
 - Level 1.0 Armour
 + Level 8.8 Unarmed Combat
 - Level 1.0 Spellcasting
 - Level 2.1 Fire Magic


You had 8 spell levels left.
You didn't know any spells.
Your spell library contained the following spells:

 Spells                   Type           Power      Damage    Failure   Level
 Scorch                   Fire           8%         2d5       26%         2

Inventory:

Armour
 d - +1 acid dragon scales (worn)
Jewellery
 b - a ring of see invisible (left claw)
 e - a +4 ring of protection (right claw)
Scrolls
 c - a scroll of identify
Potions
 a - 2 potions of cancellation
 h - a potion of mutation
 i - 3 potions of haste
 j - a potion of resistance

Dungeon Overview and Level Annotations

Branches:
Dungeon (6/15)             Temple (0/1) D:4

Altars:


Message History

The kobold brigand hits you with a +3 short sword of venom.
You are more poisoned.
You barely miss the kobold brigand.
The kobold brigand is severely wounded.
You feel very sick.
The kobold brigand hits you with a +3 short sword of venom!
You are more poisoned.
You scratch the kobold brigand but do no damage.
Your claw misses the kobold brigand.
The kobold brigand is severely wounded.
You feel extremely sick.
The kobold brigand hits you with a +3 short sword of venom.
You are more poisoned.
The kobold brigand barely misses you.
You barely miss the kobold brigand.
The kobold brigand is severely wounded.
You feel extremely sick.
The kobold brigand hits you with a +3 short sword of venom.
You are more poisoned.
3720 ||| INVOKING Fiery Armour.
A protective cloak of flame settles atop you.
You feel extremely sick.
The kobold brigand hits you with a +3 short sword of venom.
The kobold brigand is burned by your cloak of flames.
The kobold brigand is severely wounded.
3721 ||| READING scroll of teleportation.
As you read the scroll of teleportation, it crumbles to dust.
You feel strangely unstable.
You feel extremely sick.
The kobold brigand hits you with a +3 short sword of venom.
You are more poisoned.
The kobold brigand is burned by your cloak of flames.
The kobold brigand is severely wounded.
The kobold brigand hits you but does no damage.
You are more poisoned.
The kobold brigand is burned by your cloak of flames.
The kobold brigand is almost dead.
You barely miss the kobold brigand.
The kobold brigand is almost dead.
You die...

.. .# #.# ### K# ...
..# .# #.# #.# K# #.#
#.# K# #. #.# #.# {#
#. #.###.####K##
#.##.......@KK.#
######.##.###.####.##
...........##...#####
...........##.......#
...........##.#.##.##
......[....##.#.##.##
...........##.#.....#
...........##.#######
######.######.#


You could see a kobold brigand and 2 kobolds.

Vanquished Creatures
  Prince Ribbit (D:6)
  2 ice beasts (D:6)
  A phantom (D:5)
  2 scorpions
  An orc priest (D:3)
  3 hounds
  An iguana (D:5)
  An orc wizard (D:3)
  11 adders
  A shadow imp (D:6)
  A white imp (D:5)
  A dart slug (D:3)
  6 worms
  13 orcs
  8 ball pythons
  4 endoplasms
  4 giant cockroaches
  6 goblins
  9 hobgoblins
  8 kobolds
  3 quokkas
  5 bats
  3 frilled lizards
  6 rats
101 creatures vanquished.

Notes
Turn   | Place    | Note
-------+----------+-------------------------------------------
     0 | D:1      | qw the Troll Cinder Acolyte began the quest for the Orb.
     0 | D:1      | Reached XP level 1. HP: 22/22 MP: 1/1
     0 | D:1      | 0 ||| qw: Version: 0.1-a-102-g441f92d
     0 | D:1      | 0 ||| qw: Game counter: 5188
     0 | D:1      | 0 ||| qw: Always use a shield: true
     0 | D:1      | 0 ||| qw: God list: Okawaru
     0 | D:1      | 0 ||| qw: Allow faded altars: false
     0 | D:1      | 0 ||| qw: Do Orc after D:15 true
     0 | D:1      | 0 ||| qw: Do second Lair branch before Depths: true
     0 | D:1      | 0 ||| qw: Lair rune preference: random
     0 | D:1      | 0 ||| qw: Plans: Normal
     0 | D:1      | 0 ||| PLANNING D:1-11
   171 | D:1      | Reached XP level 2. HP: 29/29 MP: 2/2
   243 | D:1      | 243 ||| Stepping ~*~*~tactically~*~*~ (stealth).
   253 | D:1      | Reached skill level 4 in Unarmed Combat
   270 | D:1      | 270 ||| Stepping ~*~*~tactically~*~*~ (stealth).
   278 | D:1      | 278 ||| Stepping ~*~*~tactically~*~*~ (outnumbered).
   279 | D:1      | 279 ||| Stepping ~*~*~tactically~*~*~ (outnumbered).
   420 | D:1      | Reached XP level 3. HP: 36/36 MP: 3/3
   497 | D:1      | 497 ||| UPGRADING to +0 acid dragon scales.
   507 | D:1      | 507 ||| DROPPING +0 robe.
   508 | D:1      | 508 ||| READING 3 scrolls labelled QUCA TUFUOM.
   509 | D:1      | 509 ||| READING scroll labelled GIJUVITURGH.
   510 | D:1      | 510 ||| READING 2 scrolls labelled FECAPI ETEB.
   511 | D:1      | 511 ||| DROPPING 2 scrolls of fear.
   773 | D:2      | Found a faded altar of an unknown god.
   890 | D:2      | 890 ||| Stepping ~*~*~tactically~*~*~ (stealth).
  1205 | D:2      | 1205 ||| UPGRADING to ring of see invisible.
  1206 | D:2      | 1206 ||| READING scroll labelled IZULIY SEMYB.
  1210 | D:2      | 1210 ||| READING scroll labelled TUTSOE ETAZ.
  1211 | D:2      | 1211 ||| READING scroll labelled JEIXEA JATHRU.
  1212 | D:2      | 1212 ||| READING scroll labelled UNTAR WUJEZIUSIV.
  1213 | D:2      | 1213 ||| DRINKING 2 blue potions.
  1213 | D:2      | Gained mutation: You are weak. (Str -2) [potion of
                  | mutation]
  1213 | D:2      | Gained mutation: You have hidden genetic potential. [potion
                  | of mutation]
  1213 | D:2      | Gained mutation: You have a pair of small antennae on your
                  | head. [potion of mutation]
  1214 | D:2      | 1214 ||| READING 3 scrolls of identify.
  1214 | D:2      | 1214 ||| IDENTIFYING fizzy red potion
  1215 | D:2      | 1215 ||| READING 2 scrolls of identify.
  1215 | D:2      | 1215 ||| IDENTIFYING fizzy inky potion
  1216 | D:2      | 1216 ||| DROPPING potion of flight.
  1250 | D:3      | 1250 ||| STAIRDANCE
  1254 | D:2      | Reached skill level 5 in Unarmed Combat
  1254 | D:2      | Reached XP level 4. HP: 44/44 MP: 4/4
  1279 | D:3      | 1279 ||| Stepping ~*~*~tactically~*~*~ (stealth).
  1457 | D:3      | You fall into a shaft and drop 2 floors!
  1457 | D:5      | Entered Level 5 of the Dungeon
  1567 | D:5      | Gained mutation: You are robust. (+10% HP) [hidden
                  | potential]
  1580 | D:5      | Noticed a scorpion
  1585 | D:5      | Killed a scorpion
  1586 | D:5      | Reached skill level 6 in Unarmed Combat
  1586 | D:5      | Reached XP level 5. HP: 55/55 MP: 5/5
  1621 | D:5      | 1621 ||| DROPPING orb of mayhem.
  1622 | D:5      | 1622 ||| READING 3 scrolls of identify.
  1622 | D:5      | 1622 ||| IDENTIFYING viscous amethyst potion
  1623 | D:5      | 1623 ||| READING 2 scrolls of identify.
  1623 | D:5      | 1623 ||| IDENTIFYING cyan potion
  1624 | D:5      | 1624 ||| DROPPING potion of degeneration.
  1625 | D:5      | 1625 ||| DROPPING potion of attraction.
  1669 | D:4      | Gained mutation: You are very robust. (+20% HP) [hidden
                  | potential]
  1669 | D:4      | Lost mutation: You have hidden genetic potential. [hidden
                  | potential expressed]
  1686 | D:4      | 1686 ||| Stepping ~*~*~tactically~*~*~ (stealth).
  1688 | D:4      | 1688 ||| Stepping ~*~*~tactically~*~*~ (stealth).
  1785 | D:4      | 1785 ||| Stepping ~*~*~tactically~*~*~ (stealth).
  1786 | D:4      | 1786 ||| Stepping ~*~*~tactically~*~*~ (stealth).
  1878 | D:4      | Found a staircase to the Ecumenical Temple.
  1916 | D:4      | 1916 ||| UPGRADING to +4 ring of protection.
  1917 | D:4      | 1917 ||| READING scroll labelled PIFUYCR EJAUZO.
  2024 | D:3      | 2024 ||| Stepping ~*~*~tactically~*~*~ (stealth).
  2026 | D:3      | 2026 ||| Stepping ~*~*~tactically~*~*~ (hiding).
  2035 | D:3      | 2035 ||| Stepping ~*~*~tactically~*~*~ (stealth).
  2040 | D:3      | 2040 ||| INVOKING Fiery Armour.
  2046 | D:3      | Reached XP level 6. HP: 31/70 MP: 6/6
  2051 | D:3      | Reached skill level 7 in Unarmed Combat
  2480 | D:5      | 2480 ||| STAIRDANCE
  2484 | D:4      | Reached skill level 1 in Armour
  2608 | D:5      | 2608 ||| READING scroll of enchant armour.
  2608 | D:5      | 2608 ||| ENCHANTING +0 acid dragon scales.
  2654 | D:5      | 2654 ||| Stepping ~*~*~tactically~*~*~ (stealth).
  3047 | D:5      | Reached XP level 7. HP: 77/79 MP: 7/7
  3119 | D:5      | 3119 ||| DRINKING 2 bubbling silvery potions.
  3120 | D:5      | 3120 ||| DRINKING 2 yellow potions.
  3121 | D:5      | 3121 ||| READING 2 scrolls of identify.
  3121 | D:5      | 3121 ||| IDENTIFYING pink potion
  3122 | D:5      | 3122 ||| DROPPING potion of magic.
  3123 | D:5      | 3123 ||| DROPPING potion of brilliance.
  3200 | D:6      | Reached skill level 8 in Unarmed Combat
  3203 | D:6      | Noticed Prince Ribbit
  3235 | D:6      | Killed Prince Ribbit
  3236 | D:6      | Reached skill level 3 in Fighting
  3582 | D:6      | 3582 ||| FLEEEEING.
  3583 | D:6      | 3583 ||| FLEEEEING.
  3584 | D:6      | 3584 ||| FLEEEEING.
  3585 | D:6      | 3585 ||| FLEEEEING.
  3713 | D:6      | 3713 ||| Stepping ~*~*~tactically~*~*~ (stealth).
  3720 | D:6      | 3720 ||| INVOKING Fiery Armour.
  3720 | D:6      | HP: 19/81 [poisoned by a kobold brigand]
  3721 | D:6      | 3721 ||| READING scroll of teleportation.
  3721 | D:6      | HP: 9/81 [poisoned by a kobold brigand]
  3722 | D:6      | Succumbed to a kobold brigand's poison

Levels and vault maps discovered:
D:1:      saegor_arrival_simple_c, layout_basic
D:2:      layout_loops_cross, hellmonk_ecumenical_altar_leap_of_faith,
          nicolae_concentric_dashed_squares_wild
D:3:      layout_rooms
D:4:      layout_rooms, temple_doors_e, nicolae_figureground_sparkle
D:5:      layout_layer_cave
D:6:      layout_basic, uniq_prince_ribbit1

Skill      XL: |  1  2  3  4  5  6  7 |
---------------+----------------------+-----
Unarmed Combat | 4 5 6 7 8 |  8.8
Armour         | 1 |  1.0
Fighting       | 3 |  3.7
Spellcasting   | |  1.0
Fire Magic     | |  2.1

Action                   |  1- 3 |  4- 6 |  7- 9 || total
-------------------------+-------+-------+-------++-------
Melee: Unarmed           |   102 |   144 |    57 ||   303
       Punch             |     1 |     3 |       ||     4
Invok: Fiery Armour      |       |     1 |     1 ||     2
  Use: Scroll            |     9 |     4 |     2 ||    15
       Potion            |     1 |       |     2 ||     3
Armor: Robe              |    21 |       |       ||    21
       Acid dragon scale |    13 |    48 |    26 ||    87
Dodge: Dodged            |    28 |    44 |    12 ||    84

Table legend:
 A = Non-vault XP
 B = Vault XP
 C = Vault XP percentage of total XP
 D = Non-vault monster count
 E = Vault monster count
 F = Vault count percentage of total count
                 A         B        C        D         E       F
            +---------+---------+-------+---------+---------+-------
      Total |    1099 |     274 |  20.0 |     100 |       1 |   1.0
            +---------+---------+-------+---------+---------+-------
        D:1 |      50 |       0 |   0.0 |      29 |       0 |   0.0
        D:2 |      58 |       0 |   0.0 |      14 |       0 |   0.0
        D:3 |     116 |       0 |   0.0 |      20 |       0 |   0.0
        D:4 |     158 |       0 |   0.0 |      15 |       0 |   0.0
        D:5 |     362 |       0 |   0.0 |      14 |       0 |   0.0
        D:6 |     355 |     274 |  43.6 |       8 |       1 |  11.1
            +---------+---------+-------+---------+---------+-------
